 Dungeon Crawl Stone Soup version 0.29-a0-330-g52719c12eb (webtiles) character file.

Game seed: 14405350237363708702

48260 kae the Slicer (level 14, -13/68 HPs)
             Began as a Spriggan Enchanter on Apr 20, 2022.
             Was the Champion of Dithmenos.
             Mangled by a death yak (25 damage)
             ... on level 4 of the Lair of Beasts.
             The game lasted 00:23:23 (28933 turns).

kae the Slicer (Spriggan Enchanter)                Turns: 28933, Time: 00:23:24

Health: -13/68     AC:  7    Str:  9    XL:     14   Next: 11%
Magic:  18/27      EV: 23    Int: 20    God:    Dithmenos [******]
Gold:   1406       SH:  7    Dex: 19    Spells: 9/30 levels left

rFire   . . .      SeeInvis +   G - +3 rapier of Midsummer {venom, Will++ Stlth+}
rCold   + . .      Faith    .   J - +0 buckler
rNeg    + . .      Spirit   .   B - +2 steam dragon scales
rPois   .          Reflect  .   (helmet restricted)
rElec   .          Harm     .   (no cloak)
rCorr   .          Rampage  .   (gloves unavailable)
Will    ++++.                   (boots unavailable) Stlth *+++++++++
                                k - amulet of the acrobat
HPRegen 0.21/turn               E - ring of Faosch {Wiz rN+ Str+3 Int+4}
MPRegen 0.20/turn               M - ring of protection from cold

@: confusing by touch, wreathed by umbra, very quick
A: very small, no large weapons, unfitting armour, see invisible, speed 3
a: Renounce Religion, Shadow Step, Shadow Form


You were on level 4 of the Lair of Beasts.
You worshipped Dithmenos.
Dithmenos was exalted by your worship.
You visited 3 branches of the dungeon, and saw 20 of its levels.
You also visited: Bailey.

You collected 1406 gold pieces.

Inventory:

Hand Weapons
 a - a +1 vorpal dagger
 A - a +2 dagger of holy wrath
 F - a +1 short sword of freezing
 G - the +3 rapier of Midsummer (weapon) {venom, Will++ Stlth+}
   (You found it on level 10 of the Dungeon)

   It poisons the flesh of those it strikes.
   Will:      It greatly increases your willpower.
   Stlth:     It makes you more stealthy.
 R - a +2 vampiric rapier
Missiles
 H - 2 throwing nets (quivered)
Armour
 b - a +1 robe
 B - +2 steam dragon scales (worn)
 J - a +0 buckler (worn)
Jewellery
 k - an amulet of the acrobat (around neck)
 n - a ring of ice
 w - an amulet of magic regeneration
 E - the ring of Faosch (left hand) {Wiz rN+ Str+3 Int+4}
   (You found it on level 13 of the Dungeon)

   [ring of wizardry]

   It improves your spell success rate.
   Str:       It affects your strength (+3).
   Int:       It affects your intelligence (+4).
   rN:        It protects you from negative energy.
 M - a ring of protection from cold (right hand)
Wands
 i - a wand of iceblast (9)
 m - a wand of mindburst (5)
 o - a wand of paralysis (33)
 r - a wand of acid (24)
 v - a wand of digging (7)
 C - a wand of flame (16)
Scrolls
 e - 13 scrolls of teleportation
 s - 3 scrolls of blinking
 y - 6 scrolls of fear
 D - 4 scrolls of identify
 K - 4 scrolls of magic mapping
 N - 2 scrolls of enchant armour
 O - a scroll of fog {unknown}
 Q - a scroll of holy word
 S - a scroll of silence {unknown}
Potions
 c - a potion of invisibility
 d - 6 potions of brilliance
 f - 4 potions of cancellation
 g - 3 potions of resistance
 h - 4 potions of haste
 j - 2 potions of attraction
 l - 4 potions of might
 p - 5 potions of curing
 q - 4 potions of flight
 t - 5 potions of mutation
 u - 4 potions of heal wounds
 x - 3 potions of degeneration
 z - 5 potions of ambrosia
 L - a potion of lignification
 P - a potion of magic
Miscellaneous
 I - a piece from Xom's chessboard (15/15)


   Skills:
 - Level 5.5 Fighting
 - Level 14.0 Short Blades
 - Level 3.0 Armour
 - Level 9.3 Dodging
 - Level 11.2 Stealth
 - Level 4.0 Shields
 - Level 8.5 Spellcasting
 - Level 12.0 Hexes
 - Level 4.0 Summonings
 - Level 2.0 Ice Magic
 + Level 9.0 Invocations
 - Level 8.0 Evocations


You had 9 spell levels left.
You knew the following spells:

 Your Spells              Type           Power      Damage    Failure   Level
a - Ensorcelled Hibernat  Hex/Ice        72%        N/A       1%          2
b - Confusing Touch       Hex            54%        N/A       1%          3
c - Tukima's Dance        Hex            54%        N/A       1%          3
d - Dazzling Flash        Conj/Hex       64%        N/A       1%          3
e - Summon Mana Viper     Hex/Summ       40%        N/A       7%          5
f - Metabolic Englaciati  Hex/Ice        18%        N/A       11%         5

Your spell library contained the following spells:

 Spells                   Type           Power      Damage    Failure   Level
 Summon Guardian Golem    Hex/Summ       40%        N/A       1%          3
 Beastly Appendage        Tmut           16%        N/A       6%          1
 Pain                     Necr           32%        1d5       6%          1
 Anguish                  Hex/Necr       16%        N/A       6%          4
 Ozocubu's Armour         Ice            16%        N/A       9%          3
 Wereblood                Tmut           8%         N/A       10%         2
 Spider Form              Tmut/Pois      8%         N/A       19%         3
 Summon Ice Beast         Ice/Summ       20%        N/A       19%         4
 Enfeeble                 Hex            27%        N/A       34%         7
 Petrify                  Tmut/Erth      8%         N/A       52%         4
 Agony                    Necr           8%         N/A       85%         5
 Blade Hands              Tmut           4%         N/A       85%         5
 Excruciating Wounds      Necr           4%         N/A       85%         5
 Irradiate                Conj/Tmut      4%         3d14      85%         5
 Simulacrum               Ice/Necr       6%         N/A       99%         6
 Statue Form              Tmut/Erth      5%         N/A       100%        6
 Dragon Form              Tmut           4%         N/A       100%        7
 Monstrous Menagerie      Summ           12%        N/A       100%        7
 Orb of Destruction       Conj           4%         9d5       100%        7
 Spellforged Servitor     Conj/Summ      8%         N/A       100%        7


Dungeon Overview and Level Annotations

Branches:
Dungeon (13/15)            Temple (1/1) D:4            Lair (6/6) D:8
  Swamp (0/4) Lair:4        Snake (0/4) Lair:4          Orc (0/2) D:10
 Bailey (visited)
  Slime: Lair:5-6    Vaults: D:13-14

Altars:
Ashenzari
Cheibriados
Dithmenos
Elyvilon
Fedhas
Gozag
Hepliaklqana
Kikubaaqudgha
Makhleb
Nemelex Xobeh
Okawaru
Qazlal
Ru
Sif Muna
Trog
Uskayaw
Vehumet
Wu Jian
Xom
Yredelemnul
Zin
The Shining One

Shops:
D:9 (

Annotations:
D:2 Sigmund
D:6 3 runed translucent doors, kMk's ghost, amateur BaAM; kMk's ghost, novice VSFi; no0bjke's ghost, novice GrFi
D:7 2 runed translucent doors, Sapher's ghost, novice DjTm
D:13 exclusion: obsidian statue
Lair:2 1 runed translucent door, Deqi's ghost, journeyman GrFi
Lair:3 1 runed translucent door, Tousas's ghost, journeyman DDFi
Lair:5 Rupert


Innate Abilities, Weirdness & Mutations

You are very small and have problems with some larger weapons.
You are too small for most types of armour.
You have supernaturally acute eyesight. (SInv)
You cover ground extremely quickly. (Speed+++)


Message History

Your shadow mimicks your spell!
The death yak resists with almost no effort.
Casting: Ensorcelled Hibernation (safe; 1% risk of failure)
Confirm with . or Enter, or press ? or * to list all spells.
Your hands begin to glow red.
The death yak completely misses you.
You hit the death yak but do no damage.
The death yak gores you but does no damage. x2
You hit the death yak but do no damage.
Your shadow hits the death yak with a rapier.
The death yak gores you but does no damage.
The death yak gores you.
You hit the death yak but do no damage.
The death yak is lightly wounded.
Your shadow hits the death yak with a rapier.
You hit the death yak but do no damage.
The death yak is lightly wounded.
The death yak gores you but does no damage.
The death yak gores you!
You hit the death yak but do no damage.
The death yak is lightly wounded.
You hit the death yak but do no damage.
The death yak is lightly wounded.
You block the death yak's attack. The death yak misses you.
You hit the death yak but do no damage.
The death yak is lightly wounded.
The death yak misses you. The death yak gores you!
You hit the death yak but do no damage.
The death yak is lightly wounded.
You hit the death yak but do no damage.
The death yak is lightly wounded.
The death yak closely misses you. The death yak gores you!
You hit the death yak but do no damage.
The death yak is lightly wounded.
You hit the death yak but do no damage.
The death yak is lightly wounded.
The death yak gores you!!
* * * LOW HITPOINT WARNING * * *
The death yak gores you!!
You die...

,,,,,,,,,,,,..............♣♣♣,,,♣
**,,,*,,,,,*,P.......##..♣♣,,,,,,
*,,,,*,,,,,,,,...........,*,,,**§
,,,,,,Y,,Y,,,,,..........,**,§§§§
**#.,,*,,**,,*,#..#..###♣**§§§§§§
#.,*********##.P###* *§§§§≈§
##..** #...# **§§,**
##...§*#########Y## **≈≈≈***
#.#..###...#.##Y@.####****>≈≈****
............>....P...#,,******,§§
.................P......,,,**,,,*
.....#.###.##...........,,**÷,,≈≈
#...###.##.###..........,,,**≈≈≈≈
...#..#..#.PP#..........,,**≈≈≈≈≈
........................,**,,,≈≈≈
........................,,**,,***
##.....................,,,,,,,,,,


You could see 2 death yaks.

Vanquished Creatures
  9 hydras
  A boulder beetle (D:13)
  2 two-headed ogres
  2 centaur warriors
  3 death yaks
  Urug (Lair:4)
  A tengu warrior (D:11)
  Sonja (D:10)
  A deep elf pyromancer (D:13)
  2 manticores (D:13)
  4 black mambas
  Maurice (D:8)
  3 gargoyles
  5 elephants (Lair:4)
  11 cane toads
  A cane toad (shapeshifter) (D:13)
  5 kobold demonologists (D:13)
  Maggie (D:6)
  Psyche (D:10)
  6 komodo dragons
  4 tengu conjurers
  A troll (D:13)
  4 polar bears
  7 hornets
  12 blink frogs
  5 shadows
  2 vampires
  3 wraiths
  9 wyverns
  A water elemental (D:13)
  27 yaks
  A spriggan (shapeshifter) (D:13)
  Grum (D:10)
  4 basilisks
  5 vampire mosquitoes
  4 wargs
  4 acid dragons
  A naga (Lair:4)
  3 swamp worms (Lair:4)
  A sky beast (D:5)
  15 water moccasins
  3 orc warriors
  3 black bears
  4 ice beasts
  29 wolves
  2 centaurs
  2 phantoms (D:5)
  A gnoll sergeant (D:12)
  11 kobold brigands
  9 bullfrogs
  A scorpion (D:5)
  10 wights
  6 howler monkeys
  10 wolf zombies (Bailey)
  7 vampire bats (Bailey)
  5 hounds
  12 orc priests
  Ijyb (D:4)
  16 orc wizards
  7 gnolls
  10 adders
  A white imp (D:6)
  3 ufetubi
  5 dart slugs
  39 orcs
  3 ball pythons
  2 bats (D:2)
  4 endoplasms
  2 giant cockroaches (D:2)
  2 hobgoblins
  10 kobolds
  2 quokkas
  5 frilled lizards
  2 goblins
  15 orc zombies (Bailey)
  4 rats
423 creatures vanquished.

Vanquished Creatures (others)
  A boulder beetle (D:11)
  An ugly thing (D:11)
  An orc wizard (D:11)
  34 fungi
  37 plants
  3 toadstools (D:4)
  6 withered plants
83 creatures vanquished.

Grand Total: 506 creatures vanquished

Notes
Turn   | Place    | Note
-------+----------+-------------------------------------------
     0 | D:1      | kae the Spriggan Enchanter began the quest for the Orb.
     0 | D:1      | Reached XP level 1. HP: 9/9 MP: 5/5
   648 | D:1      | Reached XP level 2. HP: 13/13 MP: 6/6
   845 | D:2      | Learned a level 2 spell: Ensorcelled Hibernation
  1152 | D:2      | Found a faded altar of an unknown god.
  1315 | D:2      | Reached skill level 2 in Short Blades
  1315 | D:2      | Reached XP level 3. HP: 15/17 MP: 8/8
  1641 | D:2      | Noticed Sigmund
  3331 | D:3      | Reached XP level 4. HP: 20/21 MP: 9/9
  3962 | D:4      | Found a staircase to the Ecumenical Temple.
  3976 | Temple   | Entered the Ecumenical Temple
  4283 | Temple   | Became a worshipper of Dithmenos the Shadowed
  4506 | D:4      | Reached skill level 5 in Stealth
  4513 | D:4      | Reached skill level 1 in Fighting
  4525 | D:4      | Reached skill level 3 in Short Blades
  4525 | D:4      | Reached XP level 5. HP: 7/25 MP: 0/11
  4774 | D:4      | Noticed Ijyb
  4778 | D:4      | Killed Ijyb
  5374 | D:4      | Found a stormy altar of Qazlal.
  5961 | D:5      | Entered Level 5 of the Dungeon
  5996 | D:5      | Noticed a phantom
  6039 | D:4      | Learned a level 3 spell: Confusing Touch
  6043 | D:4      | Learned a level 3 spell: Tukima's Dance
  6047 | D:4      | Learned a level 3 spell: Dazzling Flash
  6053 | D:5      | Reached skill level 5 in Hexes
  6054 | D:5      | Identified the +4 hunting sling of Xynnoa {flame, Fragile
                  | rF+++ rC++ rCorr}
  6166 | D:5      | Killed a phantom
  6167 | D:5      | Reached XP level 6. HP: 25/30 MP: 9/12
  6281 | D:5      | Reached skill level 4 in Short Blades
  6527 | D:5      | Noticed a sky beast
  6535 | D:5      | Killed a sky beast
  6536 | D:5      | Reached XP level 7. HP: 22/34 MP: 5/14
  7186 | D:6      | Noticed Maggie
  7192 | D:6      | Killed Maggie
  7192 | D:6      | Reached * piety under Dithmenos
  7193 | D:6      | Reached skill level 5 in Short Blades
  7256 | D:6      | Reached skill level 5 in Dodging
  7256 | D:6      | Reached XP level 8. HP: 30/39 MP: 10/16
  8296 | D:6      | Found a glowing golden altar of the Shining One.
  8301 | D:6      | Reached skill level 5 in Spellcasting
  8367 | D:6      | Found a runed translucent gate.
  8368 | D:6      | Found a runed translucent gate.
  8368 | D:6      | Found a runed translucent gate.
  8368 | D:6      | Noticed kMk's ghost (amateur BaAM)
  8368 | D:6      | Noticed no0bjke's ghost (novice GrFi)
  8369 | D:6      | Noticed kMk's ghost (novice VSFi)
  8985 | D:7      | Reached skill level 6 in Short Blades
  9125 | D:7      | Found a large runed translucent door.
  9126 | D:7      | Found a large runed translucent door.
  9132 | D:7      | Noticed Sapher's ghost (novice DjTm)
  9418 | D:7      | Reached XP level 9. HP: 33/44 MP: 15/18
  9663 | D:7      | Reached ** piety under Dithmenos
  9876 | D:7      | Reached skill level 7 in Short Blades
 10477 | D:8      | Found a staircase to the Lair.
 11274 | D:8      | Noticed Maurice
 11279 | D:8      | Killed Maurice
 11792 | D:9      | Found a flagged portal.
 11863 | D:9      | Learned a level 5 spell: Summon Mana Viper
 11912 | Bailey   | Entered a bailey
 12079 | Bailey   | Noticed a gargoyle
 12087 | Bailey   | Killed a gargoyle
 12088 | Bailey   | Reached skill level 8 in Short Blades
 12088 | Bailey   | Reached XP level 10. HP: 49/49 MP: 20/20
 12864 | Bailey   | Reached skill level 1 in Summonings
 13720 | D:9      | Reached *** piety under Dithmenos
 13803 | D:9      | Noticed a two-headed ogre
 14170 | D:9      | Found Wuniaw's Weapon Emporium.
 14182 | D:9      | Killed a two-headed ogre
 14183 | D:9      | Reached skill level 10 in Hexes
 14363 | D:10     | Entered Level 10 of the Dungeon
 14372 | D:10     | Noticed Grum
 14389 | D:10     | Killed Grum
 14390 | D:10     | Reached skill level 1 in Armour
 14438 | D:9      | Reached skill level 9 in Short Blades
 14739 | D:10     | Noticed Psyche
 14747 | D:10     | Killed Psyche
 14891 | D:10     | Reached skill level 10 in Stealth
 14899 | D:10     | Reached XP level 11. HP: 54/54 MP: 3/23
 15208 | D:10     | Noticed Sonja
 15245 | D:10     | Found a staircase to the Orcish Mines.
 15605 | D:10     | Killed Sonja
 15735 | D:10     | Identified the +3 rapier of Midsummer {venom, Will++
                  | Stlth+}
 15819 | D:11     | Reached **** piety under Dithmenos
 15823 | D:11     | Noticed a seven-headed hydra
 15829 | D:11     | Noticed a centaur warrior
 16169 | D:11     | Noticed a two-headed ogre
 16172 | D:11     | Killed a seven-headed hydra
 16224 | D:11     | Killed a two-headed ogre
 16340 | D:11     | Reached skill level 5 in Fighting
 16443 | D:11     | Killed a centaur warrior
 16451 | D:11     | Noticed a brown ugly thing
 16451 | D:11     | Noticed a boulder beetle
 16518 | D:11     | Reached skill level 10 in Short Blades
 16597 | D:11     | Killed a brown ugly thing
 16737 | D:11     | Noticed a tengu warrior
 16862 | D:11     | Killed a tengu warrior
 16952 | D:11     | Found a shimmering altar of Xom.
 16955 | D:11     | Killed a boulder beetle
 18152 | D:12     | Reached XP level 12. HP: 38/60 MP: 22/25
 18323 | D:12     | Noticed a five-headed hydra
 18328 | D:12     | Killed a five-headed hydra
 18751 | D:12     | Learned a level 5 spell: Metabolic Englaciation
 18966 | D:13     | Identified the ring of Faosch {Wiz rN+ Str+3 Int+4}
 18993 | D:13     | Reached skill level 1 in Ice Magic
 19035 | D:13     | Reached skill level 11 in Short Blades
 19179 | D:13     | Reached ***** piety under Dithmenos
 19677 | D:13     | Reached skill level 1 in Shields
 19744 | D:13     | Noticed a seven-headed hydra
 19751 | D:13     | Noticed a boulder beetle
 19990 | D:13     | Reached skill level 12 in Short Blades
 20237 | D:13     | Noticed a centaur warrior
 20241 | D:13     | Killed a centaur warrior
 20371 | D:13     | Identified the +1 short sword of Optimality {flame, rElec
                  | Dex+3 SInv}
 20512 | D:13     | Killed a boulder beetle
 21000 | Lair:1   | Entered Level 1 of the Lair of Beasts
 21154 | Lair:1   | Identified the +7 hunting sling "Vumnis" {flame, +Blink}
 21487 | Lair:1   | Noticed a six-headed hydra
 21498 | Lair:1   | Killed a six-headed hydra
 21848 | Lair:2   | Reached skill level 13 in Short Blades
 21953 | Lair:2   | Found a runed translucent door.
 21954 | Lair:2   | Noticed Deqi's ghost (journeyman GrFi)
 22085 | Lair:2   | Reached XP level 13. HP: 52/64 MP: 26/26
 22098 | Lair:2   | Reached skill level 1 in Evocations
 22118 | Lair:2   | Reached skill level 1 in Invocations
 23800 | Lair:3   | Found a runed translucent door.
 23824 | Lair:3   | Noticed Tousas's ghost (journeyman DDFi)
 24023 | Lair:3   | Reached skill level 5 in Evocations
 24430 | Lair:3   | Identified the +2 spear "Iggul Araha" {drain, rF+ rC+ rN+}
 24977 | Lair:4   | Reached skill level 14 in Short Blades
 25078 | Lair:4   | Reached skill level 5 in Invocations
 25082 | Lair:4   | Reached ****** piety under Dithmenos
 25246 | Lair:4   | Found a staircase to the Swamp.
 25410 | Lair:4   | Noticed Urug
 25425 | Lair:4   | Killed Urug
 25610 | Lair:4   | Found a staircase to the Snake Pit.
 26386 | Lair:5   | You fall into a shaft and drop 1 floor!
 26386 | Lair:6   | Entered Level 6 of the Lair of Beasts
 26642 | Lair:5   | Noticed Rupert
 26964 | Lair:5   | Reached XP level 14. HP: 68/68 MP: 24/27
 28499 | Lair:4   | Found a staircase to the Snake Pit.
 28933 | Lair:4   | Mangled by a death yak

Illustrated notes

Levels and vault maps discovered:
D:1:      dpeg_arrival_central, layout_basic
D:2:      minmay_chambers_of_twos, layout_loops_corners,
          ebering_ecumenical_altar_box, uniq_sigmund
D:3:      layout_rooms, serial_rivers, chequers_serial_rivers_micro_e,
          chequers_serial_rivers_micro_c, chequers_serial_rivers_small_3,
          chequers_serial_rivers_room_b, minivault_23
D:4:      layout_layer_cave, grunt_qazlal_sundering, minmay_temple_entry_hall,
          minmay_gold_behind_fungi, serial_bayou_ford_a, patterned_corridor,
          uniq_ijyb
D:5:      layout_basic
D:6:      layout_basic, mainiacjoe_overflow_chevrons, gammafunk_ghost_cemetery,
          serial_co_window_serial, co_window_corner_a, co_window_corner_a,
          co_window_paths_a, co_window_paths_a, co_window_paths_a,
          co_window_paths_a, co_window_paths_b, co_window_corner_a,
          co_window_paths_b, co_window_2corner, co_window_paths_c,
          co_window_paths_c, co_window_2corner, co_window_2corner,
          glass_columns_c, glass_columns_c, glass_columns_b, glass_columns_a,
          glass_columns_a, uniq_maggie
D:7:      layout_cave_pods, ebering_ghost_disaster_area, lightli_minifort
D:8:      layout_basic, erik_lair_orcish_takeover, uniq_maurice
D:9:      layout_roguey, serial_shops, nicolae_shop_behind_doors, enter_bailey_2
D:10:     layout_small_grid, david_orc_3, minivault_21, uniq_sonja, uniq_psyche,
          uniq_grum
D:11:     layout_basic, xom_confusion_cloud
D:12:     layout_loops_corners
D:13:     layout_basic, minivault_16
Temple:   mainiacjoe_temple_cubbyholes
Lair:1:   layout_small_grid, eino_small_chamber_without_monster
Lair:2:   layout_cave_pods, gammafunk_ghost_grave,
          chequers_serial_rivers_small_3
Lair:3:   layout_loops_ring, ebering_ghost_funeral_grove,
          chequers_serial_rivers_room_b
Lair:4:   layout_long_grid, palyth_hydra_swamp_entry,
          guppyfry_snake_entry_garden, beast_lair_carwin_6, uniq_urug
Lair:5:   layout_cave_shapes, dreamdust_wasp_nest, uniq_rupert
Lair:6:   minmay_lair_end_enchanted_forest, layout_loops_ring,
          nicolae_slime_entry_slimehenge

Skill      XL: |  1  2  3  4  5  6  7  8  9 10 11 12 13 14 |
---------------+-------------------------------------------+-----
Dodging        | 3 4 5 6 7 8 9 |  9.3
Spellcasting   | 3 4 5 6 7 8 |  8.5
Hexes          | 4 5 6 7 9 10 11 12 | 12.0
Short Blades   | 2 3 4 5 6 8 9 10 13 14 | 14.0
Stealth        | 5 6 7 8 10 11 | 11.2
Fighting       | 1 2 3 4 5 |  5.5
Summonings     | 2 3 4 |  4.0
Armour         | 1 2 3 |  3.0
Ice Magic      | 2 |  2.0
Shields        | 4 |  4.0
Evocations     | 8 |  8.0
Invocations    | 8 9 |  9.0

Action                   |  1- 3 |  4- 6 |  7- 9 | 10-12 | 13-15 || total
-------------------------+-------+-------+-------+-------+-------++-------
Melee: Dagger            |   100 |    86 |   274 |   358 |       ||   818
       Punch             |     3 |       |     4 |    10 |       ||    17
       Rapier            |       |       |       |   409 |   409 ||   818
 Cast: Ensorcelled Hiber |    19 |    24 |    62 |   123 |   113 ||   341
       Confusing Touch   |       |     2 |    12 |    37 |     5 ||    56
Evoke: Wand              |       |       |       |     1 |       ||     1
  Use: Scroll            |     4 |     7 |    12 |     5 |     3 ||    31
       Potion            |     1 |       |     1 |     1 |       ||     3
 Stab: Sleeping          |    15 |    18 |    52 |    88 |    58 ||   231
       Confused          |       |     2 |     8 |    30 |     3 ||    43
       Invisible         |       |       |     2 |       |       ||     2
       Distracted        |       |       |     1 |     1 |     3 ||     5
Armor: Robe              |    10 |    14 |    11 |    15 |       ||    50
       Steam dragon scal |       |       |       |    37 |    57 ||    94
Dodge: Dodged            |    69 |    57 |   194 |   736 |   426 ||  1482
Block: Buckler           |       |       |       |    32 |   140 ||   172

Table legend: (Time is in decaauts)
 A = Elapsed time spent in this place.
 B = Non-inter-level travel time spent in this place.
 C = Inter-level travel time spent in this place.
 D = Time resting spent in this place.
 E = Time spent auto-exploring this place.
 F = Levels seen in this place.
 G = Mean time per level.
                   A        B        C        D        E       F      G
               +--------+--------+--------+--------+--------+-----+--------+
         Total |  22318 |  21575 |    743 |   5462 |  12799 |  21 | 1062.8 |
       Dungeon |  14930 |  14341 |    589 |   3280 |   8957 |  13 | 1148.5 |
        Temple |    223 |    183 |     40 |      0 |    179 |   1 |  223.0 |
          Lair |   6187 |   6074 |    113 |   1691 |   3403 |   6 | 1031.2 |
        Bailey |    976 |    976 |      0 |    490 |    258 |   1 |  976.0 |
               +--------+--------+--------+--------+--------+-----+--------+

Top non-repeatable levels by time:
  Lair:4: 2321 daAuts
    D:13: 1646 daAuts
    D:11: 1461 daAuts
     D:6: 1319 daAuts
  Lair:3: 1318 daAuts
     D:8: 1298 daAuts
     D:4: 1223 daAuts
  Lair:2: 1219 daAuts
     D:3: 1127 daAuts
     D:2: 1075 daAuts
     D:7: 1063 daAuts
     D:9: 1040 daAuts
  Bailey: 976 daAuts
    D:10: 970 daAuts
     D:5: 948 daAuts
